 Dungeon Sprint DCSS version 0.21-a0-286-g6fcecc0 (webtiles) character file.

766 potatolord6000 the Archer (level 7, -4/66 HPs)
             Began as a Centaur Arcane Marksman on Sept 26, 2017.
             Was a Follower of Nemelex Xobeh.
             Slain by a tarantella (13 damage)
             ... in the Dungeon (Sprint VII: "The Pits").
             The game lasted 00:06:25 (1566 turns).

potatolord6000 the Archer (Centaur Arcane Marksman) Turns: 1566, Time: 00:06:26

Health: -4/66      AC:  8    Str: 13    XL:     7   Next: 52%
Magic:  15/15      EV: 10    Int: 12    God:    Nemelex Xobeh [*.....]
Gold:   0          SH:  0    Dex: 11    Spells: 6/17 levels left

rFire    . . .     SeeInvis .   b - +2 falchion
rCold    . . .     Gourm    .   (no shield)
rNeg     . . .     Faith    .   g - +3 ring mail
rPois    .         Spirit   .   (no helmet)
rElec    .         Reflect  .   (no cloak)
rCorr    .         Harm     .   (no gloves)
MR       .....     NoTele   +   (no barding)
Stlth    ..........             (no amulet)
HPRegen  0.21/turn              (no ring)
MPRegen  0.14/turn              (no ring)

@: confused, berserk cooldown, slowed
A: hooves 3, deformed body, speed 2, tough skin 3
a: Renounce Religion


You were in the Dungeon.
You worshipped Nemelex Xobeh.
Nemelex Xobeh was aware of your devotion.
You were completely stuffed.

You visited 1 branch

Inventory:

Hand Weapons
 a - a +0 shortbow
 b - a +2 falchion (weapon)
Missiles
 d - 9 arrows
Armour
 g - a +3 ring mail (worn)
Scrolls
 n - 3 scrolls of remove curse
 o - 5 scrolls of amnesia
 p - a scroll of summoning
Potions
 e - 3 potions of curing
 i - 4 potions of magic
 j - a potion of berserk rage
 m - a potion of invisibility
Books
 c - a book of Debilitation

   Spells                             Type                      Level
   a - Corona                         Hexes                        1
   b - Slow                           Hexes                        2
   c - Inner Flame                    Hexes/Fire                   3
   d - Portal Projectile              Hexes/Translocation          3
   e - Cause Fear                     Hexes                        4
   f - Leda's Liquefaction            Hexes/Earth                  4
Miscellaneous
 t - a legendary deck of escape {drawn: 5}
Comestibles
 f - 8 bread rations
 q - 40 fruits
 r - 5 meat rations


   Skills:
 + Level 7.4 Fighting
 + Level 10.0 Bows
 + Level 5.8 Dodging
 + Level 5.7 Spellcasting
 + Level 7.3 Hexes


You had 6 spell levels left.
You knew the following spells:

 Your Spells              Type           Power        Failure   Level  Hunger
a - Corona                Hex            ###....      1%          1    None
b - Inner Flame           Hex/Fire       ##......     26%         3    ###....
c - Portal Projectile     Hex/Tloc       ##....       26%         3    ###....
d - Leda's Liquefaction   Hex/Erth       ##........   65%         4    ####...


Dungeon Overview and Level Annotations

Branches:
Dungeon (1/1)

Altars:
Ashenzari
Cheibriados
Dithmenos
Elyvilon
Fedhas
Gozag
Hepliaklqana
Kikubaaqudgha
Makhleb
Nemelex Xobeh
Okawaru
Qazlal
Ru
Sif Muna
Trog
Uskayaw
Vehumet
Wu Jian
Xom
Yredelemnul
Zin
The Shining One
Beogh
Jiyva
Lugonu


Innate Abilities, Weirdness & Mutations

You have hooves in place of feet.
Armour fits poorly on your strangely shaped body.
You cover ground very quickly.
You have extremely tough skin. (AC +3)


Message History

You feel a strong urge to attack something.
Unknown command.
You bump into the metal wall.
You are no longer berserk.
You pass out from exhaustion.
You feel yourself slow down.
The tarantella bites you but does no damage.
You can move again.
You bump into the metal wall.
The tarantella closely misses you. The tarantella bites you!
Unknown command.
You bump into the metal wall.
The tarantella bites you!
* * * LOW HITPOINT WARNING * * *
You are more confused.
The tarantella bites you.
* * * LOW HITPOINT WARNING * * *
You are more confused.
The tarantella bites you!
You die...
Your body disappears without a glow.

#.#........##.......#
#'###########.......#
#..#.#.##..##########
#....(..#.######
##.#.#.##(#....#
#.......#รท#....#
##.#.#.##('....+
#....sS.#'#....#
##.#@#.s)(# ...#
########## ###


You could see a tarantella and an adder.

Vanquished Creatures
  A gargoyle (D)
  A water moccasin (D)
  2 black bears (D)
  An ogre (D)
  A mummy (D)
  A river rat (D)
  An ufetubus (D)
  2 oozes (D)
  A worm (D)
  An orc (D)
  A giant cockroach (D)
  2 hobgoblins (D)
  2 kobolds (D)
  A quokka (D)
  A frilled lizard (D)
  2 rats (D)
21 creatures vanquished.

Vanquished Creatures (collateral kills)
  A water moccasin (D)
1 creature vanquished.

Grand Total: 22 creatures vanquished

Notes
Turn   | Place    | Note
-------+----------+-------------------------------------------
     0 | D        | potatolord6000 the Centaur Arcane Marksman began the quest for the Orb.
     0 | D        | Reached XP level 1. HP: 16/16 MP: 2/2
    14 | D        | Reached skill level 3 in Bows
    48 | D        | Found a bloodstained altar of Trog.
    48 | D        | Found a deep blue altar of Sif Muna.
    48 | D        | Found a viscous altar of Jiyva.
    48 | D        | Found a hazy altar of Hepliaklqana.
    48 | D        | Found an opulent altar of Gozag.
    49 | D        | Found a glowing golden altar of the Shining One.
    49 | D        | Found a glowing silver altar of Zin.
    49 | D        | Found a basalt altar of Yredelemnul.
    49 | D        | Found a shimmering altar of Xom.
    49 | D        | Found an ornate altar of the Wu Jian Council.
    49 | D        | Found a sacrificial altar of Ru.
    49 | D        | Found a stormy altar of Qazlal.
    49 | D        | Found an iron altar of Okawaru.
    49 | D        | Found a sparkling altar of Nemelex Xobeh.
    49 | D        | Found a burning altar of Makhleb.
    49 | D        | Found a blossoming altar of Fedhas.
    49 | D        | Found a white marble altar of Elyvilon.
    49 | D        | Found a shadowy altar of Dithmenos.
    49 | D        | Found a snail-covered altar of Cheibriados.
    51 | D        | Found a radiant altar of Vehumet.
    51 | D        | Found a corrupted altar of Lugonu.
    51 | D        | Found a roughly hewn altar of Beogh.
    53 | D        | Found an ancient bone altar of Kikubaaqudgha.
    53 | D        | Found a hide-covered altar of Uskayaw.
    53 | D        | Found a shattered altar of Ashenzari.
    64 | D        | Became a worshipper of Nemelex Xobeh the Trickster
    79 | D        | Received a gift from Nemelex Xobeh
    81 | D        | Reached XP level 2. HP: 24/24 MP: 2/4
   121 | D        | Reached skill level 4 in Bows
   132 | D        | HP: 1/25 [ufetubus (1)]
   438 | D        | Noticed a water moccasin
   456 | D        | Killed a water moccasin
   456 | D        | Reached skill level 6 in Bows
   456 | D        | Reached XP level 3. HP: 26/33 MP: 5/7
   456 | D        | Reached XP level 4. HP: 31/40 MP: 6/9
   548 | D        | Reached * piety under Nemelex Xobeh
   558 | D        | Received a gift from Nemelex Xobeh
   563 | D        | Noticed an ogre
   611 | D        | Killed an ogre
   611 | D        | Reached skill level 5 in Fighting
   611 | D        | Reached skill level 7 in Bows
   611 | D        | Reached skill level 5 in Hexes
   611 | D        | Reached XP level 5. HP: 48/48 MP: 8/11
   673 | D        | Noticed a water moccasin
   675 | D        | Noticed a black bear
   696 | D        | Killed a water moccasin
   696 | D        | Reached XP level 6. HP: 24/56 MP: 12/12
   697 | D        | Reached skill level 8 in Bows
   981 | D        | Noticed a gargoyle
  1073 | D        | Killed a gargoyle
  1073 | D        | Reached skill level 9 in Bows
  1073 | D        | Reached skill level 5 in Dodging
  1073 | D        | Reached skill level 5 in Spellcasting
  1073 | D        | Reached XP level 7. HP: 66/66 MP: 13/15
  1131 | D        | Reached skill level 10 in Bows
  1427 | D        | Learned a level 3 spell: Inner Flame
  1431 | D        | Learned a level 3 spell: Portal Projectile
  1436 | D        | Learned a level 4 spell: Leda's Liquefaction
  1535 | D        | Noticed a tarantella
  1566 | D        | Slain by a tarantella

Vault maps used:
D:        pitsprint

Skill      XL: |  1  2  3  4  5  6  7 |
---------------+----------------------+-----
Bows           | 3 6 7 9 10 | 10.0
Hexes          | 3 4 5 7 |  7.3
Dodging        | 2 3 4 5 |  5.8
Fighting       | 4 5 7 |  7.4
Spellcasting   | 3 4 5 |  5.7

Action                   |  1- 3 |  4- 6 |  7- 9 || total
-------------------------+-------+-------+-------++-------
Melee: Falchion          |       |     9 |    18 ||    27
       Kick              |       |     2 |     4 ||     6
 Fire: Shortbow          |    34 |    26 |    17 ||    77
 Cast: Corona            |       |     6 |       ||     6
       Portal Projectile |       |       |     1 ||     1
Evoke: Deck              |     1 |    11 |       ||    12
  Use: Potion            |     1 |     5 |     7 ||    13
       Scroll            |       |     1 |       ||     1
  Eat: Meat ration       |       |       |     2 ||     2
Armor: Robe              |     8 |       |       ||     8
       Ring mail         |       |     2 |    25 ||    27
Dodge: Dodged            |    23 |     9 |    24 ||    56
       Rpst.: Falchion   |       |       |     2 ||     2

Table legend:
 A = Spawn XP
 B = Non-spawn XP
 C = Spawn XP percentage of total XP
 D = Spawn monster count
 E = Non-spawn monster count
 F = Spawn count percentage of total count
 G = Total turns spent on level
                    A         B        C        D         E        F      G
               +---------+---------+-------+---------+---------+-------+---------
         Total |       0 |    1095 |   0.0 |       0 |      22 |   0.0 |  1566
               +---------+---------+-------+---------+---------+-------+---------
             D |       0 |    1095 |   0.0 |       0 |      22 |   0.0 |  1566
               +---------+---------+-------+---------+---------+-------+---------
